 Dungeon Crawl Stone Soup version 0.28-a0-631-g0446da8ef9 (webtiles) character file.

Game seed: 4834359195454136980

98 gruber the Digger (level 4, -6/27 HPs)
             Began as an Octopode Earth Elementalist on Oct 9, 2021.
             Mangled by Terence (8 damage)
             ... on level 3 of the Dungeon.
             The game lasted 00:03:07 (3366 turns).

gruber the Digger (Octopode Earth Elementalist)     Turns: 3366, Time: 00:03:07

Health: -6/27      AC:  1    Str:  7    XL:     4   Next: 69%
Magic:  0/7        EV: 17    Int: 24    God:
Gold:   99         SH:  0    Dex: 18    Spells: 3/7 levels left

rFire   . . .      SeeInvis .   p - +2 mace (vorpal)
rCold   . . .      Faith    .   (no shield)
rNeg    . . .      Spirit   .   (helmet restricted)
rPois   .          Reflect  .   (no amulet)
rElec   .          Harm     .   c - +4 ring of evasion
rCorr   .          Rampage  .   e - +6 ring of dexterity
Will    .....                   m - +6 ring of intelligence
Stlth   +++.......              (no ring)
HPRegen 0.09/turn               (no ring)
MPRegen 0.10/turn               (no ring)
                                (no ring)
                                (no ring)

@: hasted, very quick
A: almost no armour, amphibious, 8 rings, camouflage 1, gelatinous body 1,
(nimble swimmer 1), tentacles
a: no special abilities


You were on level 3 of the Dungeon.
You visited 1 branch of the dungeon, and saw 3 of its levels.

You collected 99 gold pieces.

Inventory:

Hand Weapons
 p - a +2 vorpal mace (weapon)
Missiles
 b - 159 stones
 f - 7 poisoned darts (quivered)
Jewellery
 c - a +4 ring of evasion (left tentacle)
 e - a +6 ring of dexterity (right tentacle)
 m - a +6 ring of intelligence (on tentacle)
Scrolls
 a - 3 scrolls of identify {unknown}
 g - 2 scrolls of teleportation {unknown}
 h - 3 scrolls of fog {unknown}
 i - a scroll of vulnerability {unknown}
 j - a scroll of magic mapping {unknown}
 q - a scroll of torment {unknown}
Potions
 d - a potion of cancellation {unknown}
 k - 2 potions of lignification {unknown}
 l - 2 potions of brilliance {unknown}
 n - 3 potions of curing {unknown}


   Skills:
 - Level 2.0 Dodging
 - Level 2.6 Stealth
 - Level 2.0 Spellcasting
 - Level 1.0 Transmutations
 + Level 5.3 Earth Magic


You had 3 spell levels left.
You knew the following spells:

 Your Spells              Type           Power      Damage    Failure   Level
a - Sandblast             Erth           54%        2d13      1%          1
b - Stone Arrow           Conj/Erth      30%        3d8       12%         3

Your spell library contained the following spells:

 Spells                   Type           Power      Damage    Failure   Level
 Passwall                 Tmut/Erth      14%        N/A       4%          2
 Petrify                  Tmut/Erth      17%        N/A       32%         4


Dungeon Overview and Level Annotations

Branches:
Dungeon (3/15)

Altars:

Annotations:
D:3 Terence


Innate Abilities, Weirdness & Mutations

You cannot wear most types of armour.
You are amphibious.
You can wear up to eight rings at the same time.
Your skin changes colour to match your surroundings (Stealth+).
Your rubbery body absorbs attacks. (AC +1, EV +1)
((You are camouflaged near water. (Stealth+)))
You have tentacles for arms and can constrict up to eight enemies at once.


Message History

Aim: Terence, wielding a +0 mace, wearing a +0 chain mail and carrying a wand of flame (18) (moderately wounded, fast, 86% to hit)
The blast of sand hits Terence.
Terence is moderately wounded.
b - 161 stones Terence closely misses you.
Terence barely misses you.
Unknown command.
Unknown command.
Casting: Sandblast (safe; 1% risk of failure)
Confirm with . or Enter, or press ? or * to list all spells.
Aiming: Sandblast (safe; 1% risk of failure)
Press: ? - help, Shift-Dir - straight line, f/p - Terence
Aim: Terence, wielding a +0 mace, wearing a +0 chain mail and carrying a wand of flame (18) (moderately wounded, fast, 86% to hit)
The blast of sand hits Terence but does no damage.
Terence is moderately wounded.
b - 160 stones Terence barely misses you.
Unknown command.
Unknown command.
Casting: Sandblast (safe; 1% risk of failure)
Confirm with . or Enter, or press ? or * to list all spells.
Aiming: Sandblast (safe; 1% risk of failure)
Press: ? - help, Shift-Dir - straight line, f/p - Terence
Aim: Terence, wielding a +0 mace, wearing a +0 chain mail and carrying a wand of flame (18) (moderately wounded, fast, 86% to hit)
The blast of sand hits Terence.
Terence is heavily wounded.
b - 159 stones Terence zaps a wand.
The puff of flame hits you!
* * * LOW HITPOINT WARNING * * *
Terence hits you with a +0 mace.
* * * LOW HITPOINT WARNING * * *
Unknown command.
Casting: Sandblast (safe; 1% risk of failure)
Confirm with . or Enter, or press ? or * to list all spells.
You don't have enough magic to cast this spell.
Unknown command.
Unknown command.
Unknown command.
You aren't carrying any items that you can evoke.
You feel yourself speed up. Terence hits you with a +0 mace!
You die...

#......#.#.# #.##..#
#... ######.....#
.....## #...
##....#######....#
##.(
##.........##...#
##. ###.#####..#...#
## #.## ##.....##
#..## #......##
##..# #.##....##
#@.# #.###.#..###
#.@......# #.#..>..
#...########.#####.
.(.................
.###.########.######
## #.########.#
#.##....##.# #
###.##.....#.# #
#.....<....#)# #


You could see Terence (fast).

Vanquished Creatures
  3 adders
  A worm (D:2)
  3 dart slugs
  6 endoplasms
  2 giant cockroaches
  9 hobgoblins
  8 jackals
  3 quokkas
  4 ball pythons
  3 bats
  4 frilled lizards (D:2)
  3 goblins
  5 kobolds
  A rat (D:2)
55 creatures vanquished.

Notes
Turn   | Place    | Note
-------+----------+-------------------------------------------
     0 | D:1      | gruber the Octopode Earth Elementalist began the quest for
                  | the Orb.
     0 | D:1      | Reached XP level 1. HP: 11/11 MP: 3/3
   318 | D:1      | Found a faded altar of an unknown god.
   333 | D:1      | Reached XP level 2. HP: 4/17 MP: 3/5
  1244 | D:1      | Reached skill level 4 in Earth Magic
  1315 | D:1      | Reached XP level 3. HP: 21/21 MP: 3/6
  2150 | D:2      | Reached XP level 4. HP: 27/27 MP: 7/7
  2159 | D:2      | Learned a level 3 spell: Stone Arrow
  2472 | D:2      | Reached skill level 5 in Earth Magic
  3355 | D:3      | Noticed Terence
  3366 | D:3      | Mangled by Terence

Illustrated notes

Levels and vault maps discovered:
D:1:      minmay_arrival_radiant_lines, layout_basic,
          shapermc_ecumenical_altar_starsandcircs, minmay_misc_feat_enclosed,
          minmay_misc_feat_four_crosses, minmay_tripent
D:2:      cheibrodos_old_hovel, layout_basic
D:3:      layout_rooms, uniq_terence

Skill      XL: |  1  2  3  4 |
---------------+-------------+-----
Earth Magic    | 4 5 |  5.3
Dodging        | |  2.0
Stealth        | |  2.6
Spellcasting   | |  2.0
Transmutations | |  1.0

Action                   |  1- 3 |  4- 6 || total
-------------------------+-------+-------++-------
Melee: Unarmed           |    37 |    22 ||    59
       Tentacles         |     9 |     5 ||    14
       Constrict         |     8 |     8 ||    16
Throw: Dart              |    12 |    16 ||    28
 Cast: Sandblast         |    31 |    17 ||    48
  Use: Potion            |       |     1 ||     1
 Stab: Sleeping          |     6 |     3 ||     9
Armor: Skin              |     1 |     2 ||     3
Dodge: Dodged            |    23 |    13 ||    36

Table legend: (Time is in decaauts)
 A = Elapsed time spent in this place.
 B = Non-inter-level travel time spent in this place.
 C = Inter-level travel time spent in this place.
 D = Time resting spent in this place.
 E = Time spent auto-exploring this place.
 F = Levels seen in this place.
 G = Mean time per level.
                   A        B        C        D        E       F      G
               +--------+--------+--------+--------+--------+-----+--------+
         Total |   3363 |   3307 |     56 |     19 |   2949 |   3 | 1121.0 |
       Dungeon |   3363 |   3307 |     56 |     19 |   2949 |   3 | 1121.0 |
               +--------+--------+--------+--------+--------+-----+--------+

Top non-repeatable levels by time:
     D:1: 1684 daAuts
     D:2: 1197 daAuts
     D:3: 482 daAuts
